 Dungeon Crawl Stone Soup version 0.22.1-6-g1668fe2c40 (webtiles) character file.

24969 Peloso the Carver (level 12, -3/112 HPs)
             Began as a Minotaur Fighter on Jan 27, 2019.
             Was a High Priest of Okawaru.
             Killed by divine providence
             ... invoked by a meliai
              (14 damage)
             ... on level 13 of the Dungeon.
             The game lasted 00:44:40 (14577 turns).

Peloso the Carver (Minotaur Fighter)               Turns: 14577, Time: 00:44:41

Health: -3/112     AC: 21    Str: 25    XL:     12   Next: 85%
Magic:  12/12      EV: 10    Int:  5    God:    Okawaru [*****.]
Gold:   973        SH:  0    Dex: 11    Spells: 11/11 levels left

rFire    + + +     SeeInvis .   a - +9 long sword of Maleh {elec, +Blink rPois rF+ MR-}
rCold    + . .     Gourm    .   d - +1 large shield {rF+}
rNeg     . . .     Faith    .   x - +0 plate armour
rPois    +         Spirit   .   (helmet restricted)
rElec    .         Reflect  .   I - scarf {rC+ rF+}
rCorr    .         Harm     .   k - +0 pair of gloves
MR       .....                  C - +0 pair of boots
Stlth    ..........             (no amulet)
HPRegen  0.28/turn              O - ring of attention (curse)
MPRegen  0.13/turn              (no ring)

@: confused, heroism, hasted, very quick
A: retaliatory headbutt, horns 2
a: Heroism, Finesse, Renounce Religion, Evoke Blink


You were on level 13 of the Dungeon.
You worshipped Okawaru.
Okawaru was extremely pleased with you.
You were not hungry.

You visited 2 branches of the dungeon, and saw 15 of its levels.
You also visited: Sewer and Volcano.

You collected 1028 gold pieces.
You spent 55 gold pieces at shops.

Inventory:

Hand Weapons
 a - the +9 long sword of Maleh (weapon) {elec, +Blink rPois rF+ MR-}
   (Okawaru gifted it to you on level 11 of the Dungeon)

   Occasionally, upon striking a foe, it will discharge some electrical energy
   and cause terrible harm.
   It protects you from fire.
   It protects you from poison.
   It affects your resistance to hostile enchantments.
   It lets you blink.
 F - a +2 trident of flaming
Armour
 b - a +0 scale mail
 d - a +1 large shield of fire resistance (worn)
 k - a +0 pair of gloves (worn)
 x - a +0 plate armour (worn)
 C - a +0 pair of boots (worn)
 I - a scarf of resistance (worn)
Jewellery
 n - an uncursed ring of protection from cold {unknown}
 q - an uncursed ring of poison resistance {unknown}
 O - a cursed ring of attention (left hand)
Wands
 c - a wand of digging (10)
Scrolls
 e - 3 scrolls of teleportation
 g - 3 scrolls of enchant armour {unknown}
 h - 2 scrolls of remove curse
 j - 2 scrolls of amnesia
 m - 8 scrolls of magic mapping
 r - a scroll of identify
 t - 4 scrolls of enchant weapon {unknown}
 v - a scroll of fear {unknown}
 w - 2 scrolls of immolation
 y - 4 scrolls of fog
 A - a scroll of noise
 B - a scroll of summoning {unknown}
 K - a scroll of vulnerability {unknown}
 M - a scroll of holy word {unknown}
Potions
 l - 4 potions of curing
 o - 3 potions of agility
 u - 2 potions of mutation
 z - a potion of resistance
 D - 3 potions of cancellation {unknown}
 G - a potion of ambrosia
 J - 3 potions of flight
 L - a potion of berserk rage
Miscellaneous
 p - a lamp of fire
Comestibles
 f - 21 rations


   Skills:
 + Level 11.9(16.9) Fighting
 + Level 14.8(19.8) Long Blades
 + Level 0.5(5.5) Polearms
 + Level 11.6(16.6) Armour
 + Level 2.9(7.9) Dodging
 + Level 1.2(6.2) Stealth
 + Level 13.0(18.0) Shields
 + Level 1.9 Invocations
 + Level 1.2 Evocations


You had 11 spell levels left.
You didn't know any spells.
Your spell library contained the following spells:

 Spells                   Type           Power        Failure   Level  Hunger
 Sting                    Conj/Pois      #...         100%        1    ##.....
 Poisonous Vapours        Pois/Air       #.....       100%        2    ###....
 Conjure Flame            Conj/Fire      #.......     100%        3    ####...
 Mephitic Cloud           Conj/Pois/Air  #.......     100%        3    ####...
 Olgreb's Toxic Radiance  Pois           #.......     100%        4    #####..
 Venom Bolt               Conj/Pois      #.........   100%        5    ######.
 Freezing Cloud           Conj/Ice/Air   #.........   100%        6    #######
 Ring of Flames           Chrm/Fire      #.........   100%        7    #######


Dungeon Overview and Level Annotations

Branches:
Dungeon (13/15)            Temple (0/1) D:4            Lair (2/6) D:11
    Orc (0/2) D:10
  Swamp: Lair:2-4    Shoals: Lair:2-4     Snake: Lair:2-4    Spider: Lair:2-4
 Vaults: D:13-14

Altars:
Gozag
Nemelex Xobeh
Okawaru
Ru
Trog
Uskayaw
Vehumet
Zin
The Shining One

Shops:
D:5 [   D:8 *

Annotations:
D:9 1 runed door, darator's ghost, novice MiBe


Innate Abilities, Weirdness & Mutations

You reflexively headbutt those who attack you in melee.
You have a pair of horns on your head.


Message History

Okay, then.
You are confused.
You feel invigorated. The meliai hits you with a hand axe.
* * * LOW HITPOINT WARNING * * *
The meliai barely misses you.
The kobold demonologist hits you but does no damage.
You miss the meliai. Your headbutt misses the meliai.
The meliai hits you but does no damage.
The meliai stings you but does no damage.
The kobold demonologist hits you but does no damage.
Unknown command.
You bump into the rock wall.
The meliai barely misses you. The meliai stings you.
* * * LOW HITPOINT WARNING * * *
The centaur warrior hits you with a hand axe.
* * * LOW HITPOINT WARNING * * *
The kobold demonologist hits you but does no damage. x2
The meliai calls down the wrath of its god upon you.
Something smites you!
You die...

*,,,,,** *,,,,,,* ***#######*
*,,∩,,,* *,..!.....#
*#######**,,,,,,* *....[....#
*.......,,,,,,,,* #.........#
*.......,,,****,* #.........#
*c......,,,***,,*
#.........####cc.....,,>,,,,**
#......>...yy@Kc5....,,,,,,***
#.........)###Kc5....,,,,,,***
#..........##*Kl4....,,,,,,**,
#....(..(...#*K5.####******,,,
*####(.(.y#.#*...#*,*,*,*∩*,,, ##
###.))[..##.#*...#,*,*,*,*****
.###..(#.....#.#*####*,*,*,*,**,,
..#..##........# *,*,*,*,*,***,,
....###........#***,**,*,*,*,*,,<


You could see a centaur warrior, an ice devil, 2 kobold demonologists, a wyvern,
2 meliai, 4 centaurs, a crimson imp, a white imp, a shadow imp and 2 kobolds.

Vanquished Creatures
  Nessos (D:13)
  2 hydras
  2 two-headed ogres
  Nergalle (D:11)
  2 unseen horrors (D:10)
  2 ugly things
  Pikel (D:8)
  An orc knight (D:12)
  A deep elf mage (D:13)
  3 centaur zombies
  2 spiny frogs
  A rime drake (Lair:1)
  3 komodo dragons (Lair:1)
  3 kobold demonologists
  A red devil (Volcano)
  A meliai (D:13)
  A troll (D:7)
  2 hippogriffs
  20 yaks
  Sigmund (D:6)
  Grum (D:8)
  A hungry ghost (D:13)
  5 vampire mosquitoes
  2 soldier ants
  2 wargs (D:11)
  Edmund (D:4)
  2 hell hounds (Volcano)
  3 water moccasins
  4 porcupines
  2 black bears
  Purgy (Sewer)
  An eye of draining (D:9)
  9 orc warriors
  2 sky beasts
  A necrophage (D:9)
  An ogre (D:11)
  An ice beast (D:9)
  3 slaves (D:8)
  A phantom (D:11)
  2 wolves
  14 centaurs
  8 big kobolds
  11 bullfrogs
  A wyvern skeleton (D:12)
  3 scorpions
  11 killer bees
  11 wights
  3 electric eels
  6 howler monkeys
  7 crimson imps
  13 orc priests
  6 hounds
  A jelly (D:12)
  A quasit (D:11)
  2 centaur skeletons
  3 bullfrog skeletons
  20 orc wizards
  3 bullfrog zombies
  2 iguanas
  8 worker ants
  A hound skeleton (D:7)
  A howler monkey zombie (D:9)
  Robin (D:3)
  A howler monkey skeleton (D:11)
  5 adders
  5 shadow imps
  2 oozes
  2 adder zombies
  2 worms
  A dart slug (D:2)
  4 leopard geckos
  63 orcs
  7 giant cockroaches
  14 goblins
  6 hobgoblins
  7 jackals
  2 quokkas
  2 ball pythons
  A ball python zombie (D:5)
  10 bats
  7 frilled lizards
  20 kobolds
  A leopard gecko zombie (D:6)
  12 rats
  2 bushes (Lair:1)
  10 plants
419 creatures vanquished.

Vanquished Creatures (others)
  An orc warrior (D:12)
  An orc (D:12)
  A bush (Lair:1)
  3 fungi (Lair:2)
  5 plants
11 creatures vanquished.

Grand Total: 430 creatures vanquished

Notes
Turn   | Place    | Note
-------+----------+-------------------------------------------
     0 | D:1      | Peloso the Minotaur Fighter began the quest for the Orb.
     0 | D:1      | Reached XP level 1. HP: 19/19 MP: 0/0
   107 | D:1      | Reached XP level 2. HP: 27/27 MP: 1/1
   879 | D:2      | Reached XP level 3. HP: 31/33 MP: 2/2
  1061 | D:2      | Found a radiant altar of Vehumet.
  1294 | D:2      | Reached skill level 3 in Long Blades
  1546 | D:3      | Reached XP level 4. HP: 30/40 MP: 3/3
  1565 | D:3      | Noticed Robin
  1592 | D:3      | Killed Robin
  1592 | D:3      | Reached skill level 4 in Long Blades
  1712 | D:3      | Found a glowing golden altar of the Shining One.
  1740 | D:3      | Reached skill level 1 in Dodging
  1775 | D:3      | Found an iron altar of Okawaru.
  1798 | D:3      | Found a hide-covered altar of Uskayaw.
  1882 | D:3      | Found a glowing drain.
  1898 | Sewer    | Entered a sewer
  2153 | Sewer    | Noticed Purgy
  2170 | Sewer    | Killed Purgy
  2170 | Sewer    | Reached XP level 5. HP: 9/46 MP: 4/4
  2743 | D:3      | Became a worshipper of Warmaster Okawaru
  2825 | D:4      | Reached skill level 5 in Shields
  2979 | D:4      | Reached skill level 5 in Long Blades
  2979 | D:4      | Reached XP level 6. HP: 38/53 MP: 5/5
  3127 | D:4      | Found a sparkling altar of Nemelex Xobeh.
  3244 | D:4      | Noticed Edmund
  3259 | D:4      | Killed Edmund
  3259 | D:4      | Reached skill level 5 in Armour
  3346 | D:4      | Found a staircase to the Ecumenical Temple.
  3475 | D:4      | Found a sacrificial altar of Ru.
  3511 | D:5      | Entered Level 5 of the Dungeon
  3604 | D:5      | Found Raloma's Antique Armour Shop.
  3649 | D:5      | Found a glowing silver altar of Zin.
  3653 | D:5      | Reached * piety under Okawaru
  3653 | D:5      | Reached skill level 5 in Fighting
  3653 | D:5      | Reached skill level 6 in Long Blades
  3653 | D:5      | Reached XP level 7. HP: 53/61 MP: 6/6
  4337 | D:6      | Found a bloodstained altar of Trog.
  4577 | D:6      | Noticed a hippogriff
  4593 | D:6      | Killed a hippogriff
  4599 | D:6      | Reached skill level 7 in Long Blades
  4809 | D:6      | Noticed Sigmund
  4820 | D:6      | Killed Sigmund
  4820 | D:6      | Reached XP level 8. HP: 59/69 MP: 4/7
  5026 | D:7      | Reached skill level 8 in Long Blades
  5057 | D:7      | Reached ** piety under Okawaru
  5057 | D:7      | Reached skill level 1 in Invocations
  5522 | D:7      | Reached skill level 9 in Long Blades
  5885 | D:8      | Found Tootasis's General Store.
  5913 | D:8      | Reached XP level 9. HP: 45/75 MP: 8/8
  5924 | D:8      | Reached *** piety under Okawaru
  5924 | D:8      | Reached skill level 10 in Long Blades
  5955 | D:8      | Bought a scroll of magic mapping for 35 gold pieces
  5955 | D:8      | Bought a scroll of identify for 20 gold pieces
  6058 | D:8      | Noticed a two-headed ogre
  6065 | D:8      | Killed a two-headed ogre
  6523 | D:8      | Noticed a troll
  6543 | D:7      | Killed a troll
  7175 | D:8      | Found an opulent altar of Gozag.
  7236 | D:8      | Noticed Pikel
  7303 | D:8      | Killed Pikel
  7303 | D:8      | Reached **** piety under Okawaru
  7303 | D:8      | Reached skill level 11 in Long Blades
  7505 | D:9      | Noticed Grum
  7531 | D:8      | Reached XP level 10. HP: 50/86 MP: 9/9
  7710 | D:8      | Killed Grum
  8425 | D:9      | Found a runed door.
  8425 | D:9      | Noticed darator's ghost (novice MiBe)
  8557 | D:10     | Entered Level 10 of the Dungeon
  8576 | D:10     | Found a staircase to the Orcish Mines.
  9167 | D:10     | Killed an unseen horror
  9167 | D:10     | Reached skill level 12 in Long Blades
  9229 | D:10     | Reached ***** piety under Okawaru
  9424 | D:10     | Received a gift from Okawaru
  9568 | D:10     | Killed an unseen horror
  9624 | D:10     | Reached XP level 11. HP: 85/96 MP: 11/11
  9634 | D:10     | Reached skill level 10 in Armour
 10002 | D:11     | Reached skill level 10 in Shields
 10010 | D:11     | Received a gift from Okawaru
 10017 | D:11     | Got a steaming shortbow {god gift}
 10181 | D:10     | Reached skill level 13 in Long Blades
 10362 | D:11     | Reached skill level 10 in Fighting
 10623 | D:11     | Found a staircase to the Lair.
 10657 | D:11     | Noticed Nergalle
 10682 | D:11     | Killed Nergalle
 11231 | D:11     | Noticed a two-headed ogre
 11243 | D:11     | Killed a two-headed ogre
 11243 | D:11     | Received a gift from Okawaru
 11248 | D:11     | Got a shimmering long sword {god gift}
 11249 | D:11     | Identified the +9 long sword of Maleh {elec, +Blink rPois
                  | rF+ MR-} (Okawaru gifted it to you on level 11 of the
                  | Dungeon)
 11606 | D:12     | Noticed an orc knight
 11639 | D:12     | HP: 1/100 [orc warrior/vampiric battleaxe (10)]
 11986 | D:12     | Killed an orc knight
 12171 | D:12     | Reached XP level 12. HP: 108/108 MP: 12/12
 12171 | D:12     | Noticed an eight-headed hydra
 12257 | Lair:1   | Entered Level 1 of the Lair of Beasts
 12268 | Lair:1   | Reached skill level 14 in Long Blades
 12277 | Lair:1   | Noticed an eight-headed hydra
 12300 | Lair:1   | Killed a ten-headed hydra
 12320 | Lair:1   | Found a dark tunnel.
 12325 | Volcano  | Entered a volcano
 12369 | Volcano  | Received a gift from Okawaru
 12651 | Lair:1   | Reached skill level 1 in Stealth
 12795 | Lair:1   | You fall through a shaft!
 12795 | Lair:2   | Noticed a five-headed hydra
 13601 | Lair:1   | Got an ivory short sword
 13602 | Lair:1   | Identified the +4 short sword of Truncation {elec, rElec
                  | Str+4} (You found it on level 1 of the Lair of Beasts)
 14267 | D:12     | Killed an eight-headed hydra
 14267 | D:12     | Reached skill level 1 in Evocations
 14493 | D:13     | Noticed Nessos
 14528 | D:13     | Killed Nessos
 14560 | D:13     | Noticed a centaur warrior
 14577 | D:13     | Killed from afar by a meliai

Skill      XL: |  1  2  3  4  5  6  7  8  9 10 11 12 |
---------------+-------------------------------------+-----
Shields        | 4 5 6 7 8 9 11 13 | 13.0
Armour         | 4 5 6 8 9 11 | 11.6
Long Blades    | 3 4 5 6 7 9 11 12 13 14 | 14.8
Fighting       | 4 5 6 7 9 10 11 | 11.9
Dodging        | 1 2 |  2.9
Invocations    | 1 |  1.9
Stealth        | 1 |  1.2
Evocations     | 1 |  1.2
Polearms       | |  0.5

Action                   |  1- 3 |  4- 6 |  7- 9 | 10-12 || total
-------------------------+-------+-------+-------+-------++-------
Melee: Long sword        |    96 |   194 |   384 |   558 ||  1232
       Headbutt          |    12 |    48 |    66 |   242 ||   368
       Falchion          |       |       |       |   365 ||   365
       Short sword       |       |       |       |    40 ||    40
       Trident           |       |       |       |     7 ||     7
Invok: Heroism           |       |       |     4 |    14 ||    18
Evoke: Wand              |       |       |       |    20 ||    20
  Use: Scroll            |     4 |     3 |     8 |    10 ||    25
       Potion            |       |       |     3 |     7 ||    10
  Eat: Chunk             |     2 |     6 |    14 |    20 ||    42
       Ration            |       |       |       |     1 ||     1
Armor: Scale mail        |    56 |       |       |       ||    56
       Chain mail        |    22 |    97 |       |       ||   119
       Plate armour      |       |    21 |   207 |   379 ||   607
Dodge: Dodged            |    39 |    38 |    68 |   150 ||   295
Block: Shield            |    69 |    75 |   184 |   357 ||   685
       Large shield      |       |       |       |   249 ||   249
       Rpst.: Long sword |    10 |     8 |    14 |    20 ||    52
       Falchion          |       |       |       |     8 ||     8
